 Dungeon Crawl Stone Soup version 0.25.0-9-g26727b657a (webtiles) character file.

Game seed: 14108873632965284052

107 Gobbopathe the Stinger (level 4, -1/27 HPs)
             Began as an Octopode Venom Mage on June 16, 2020.
             Slain by Crazy Yiuf the centaur
             ... wielding a +3 quarterstaff of chaos
              (12 damage)
             ... on level 4 of the Dungeon.
             The game lasted 00:11:55 (2244 turns).

Gobbopathe the Stinger (Octopode Venom Mage)        Turns: 2244, Time: 00:11:55

Health: -1/27      AC:  1    Str:  7    XL:     4   Next: 86%
Magic:  2/8        EV: 13    Int: 18    God:
Gold:   96         SH:  0    Dex: 12    Spells: 4/8 levels left

rFire    + . .     SeeInvis .   h - +5 dagger (protect)
rCold    . . .     Gourm    .   (no shield)
rNeg     . . .     Faith    .   (helmet restricted)
rPois    +         Spirit   .   (no amulet)
rElec    .         Reflect  .   d - ring of poison resistance
rCorr    .         Harm     .   r - ring of protection from fire
MR       .....                  (no ring)
Stlth    +++.......             (no ring)
HPRegen  0.09/turn              (no ring)
MPRegen  0.11/turn              (no ring)
                                (no ring)
                                (no ring)

@: very slightly contaminated
A: almost no armour, stealthy swim, amphibious, 8 rings, constrict 8, camouflage
1, gelatinous body 1
a: no special abilities


You were on level 4 of the Dungeon.
You were hungry.

You visited 1 branch of the dungeon, and saw 4 of its levels.

You collected 96 gold pieces.

Inventory:

Hand Weapons
 g - a +1 flail of pain
 h - a +5 dagger of protection (weapon)
 l - a +1 dagger of freezing
Missiles
 q - 17 poisoned darts (quivered)
Jewellery
 d - a ring of poison resistance (left tentacle)
 r - a ring of protection from fire (right tentacle)
Wands
 o - a wand of polymorph (8)
Scrolls
 a - a scroll of enchant weapon {unknown}
 e - 3 scrolls of remove curse {unknown}
 j - a scroll of fog {unknown}
 s - 3 scrolls of teleportation {unknown}
Potions
 c - a potion of ambrosia
 f - a potion of flight {unknown}
 i - 2 potions of might
 k - a potion of brilliance {unknown}
 m - 2 potions of cancellation {unknown}
 n - 2 potions of curing {unknown}
 p - 2 potions of mutation
 u - a potion of lignification
Comestibles
 b - 6 rations


   Skills:
 - Level 2.4 Dodging
 + Level 4.0 Stealth
 + Level 2.7 Spellcasting
 - Level 1.0 Transmutations
 * Level 5.0 Poison Magic


You had 4 spell levels left.
You knew the following spells:

 Your Spells              Type           Power        Failure   Level  Hunger
a - Sting                 Tmut/Pois      ##..         4%          1    #......
b - Mephitic Cloud        Conj/Pois/Air  #.......     26%         3    ###....

Your spell library contained the following spells:

 Spells                   Type           Power        Failure   Level  Hunger
 Poisonous Vapours        Pois/Air       ##....       9%          2    ##.....
 Olgreb's Toxic Radiance  Pois           ###.....     21%         4    #####..
 Ignite Poison            Fire/Tmut/Pois #.......     22%         3    ###....
 Fireball                 Conj/Fire      #.........   99%         5    ######.
 Starburst                Conj/Fire      #.........   100%        6    #######
 Ring of Flames           Chrm/Fire      #.........   100%        7    #######
 Ignition                 Fire           #.........   100%        8    #######


Dungeon Overview and Level Annotations

Branches:
Dungeon (4/15)
 Temple: D:4-7

Altars:
Dithmenos
Okawaru
Yredelemnul

Shops:
D:4 *}

Annotations:
D:4 exclusion: orc priest, Crazy Yiuf


Innate Abilities, Weirdness & Mutations

You cannot wear most types of armour.
You are very stealthy in the water. (Stealth+)
You are amphibious.
You can wear up to eight rings at the same time.
You can use your tentacles to constrict eight enemies at once.
Your skin changes colour to match your surroundings (Stealth+).
Your rubbery body absorbs attacks. (AC +1, EV +1)


Message History

The spell is extremely dangerous to cast (26% risk of failure)!
Continue anyway?
Aiming: Mephitic Cloud (extremely dangerous; 26% risk of failure)
Press: ? - help, Shift-Dir - straight line, p - Crazy Yiuf The ball explodes into a vile cloud!
The stinking cloud engulfs Crazy Yiuf but does no damage.
Crazy Yiuf is lightly wounded.
You are feeling hungry.
Crazy Yiuf hits you with a +3 quarterstaff of chaos!
Huge Dmg: -37%(-10hp) hp: 41%(11hp) Unknown command.
Casting: Mephitic Cloud (extremely dangerous; 26% risk of failure)
Confirm with . or Enter, or press ? or * to list all spells.
The spell is extremely dangerous to cast (26% risk of failure)!
Continue anyway?
Aiming: Mephitic Cloud (extremely dangerous; 26% risk of failure)
Press: ? - help, Shift-Dir - straight line You miscast Mephitic Cloud.
You are very lightly contaminated with residual magic.
Nothing appears to happen.
Crazy Yiuf hits you with a +3 quarterstaff of chaos!
You die...

##### ♣♣####
#)..#♣♣ ♣♣..#.##
#.c@'.♣♣♣♣......#
#☼..#♣..♣.......#
#####♣♣♣.♣...##.#
♣♣♣♣♣###.# #..#
##.## #..##
##..## ####
##..###


You could see Crazy Yiuf the centaur.

Vanquished Creatures
  4 adders
  An ooze (D:3)
  A worm (D:2)
  3 dart slugs
  2 leopard geckos (D:1)
  An orc (D:3)
  8 bats
  3 giant cockroaches
  6 goblins
  5 hobgoblins
  4 jackals (D:1)
  4 quokkas
  5 frilled lizards
  3 kobolds
  6 rats
56 creatures vanquished.

Notes
Turn   | Place    | Note
-------+----------+-------------------------------------------
     0 | D:1      | Gobbopathe the Octopode Venom Mage began the quest for the
                  | Orb.
     0 | D:1      | Reached XP level 1. HP: 11/11 MP: 3/3
   253 | D:1      | Reached XP level 2. HP: 17/17 MP: 5/5
   309 | D:1      | Reached skill level 4 in Poison Magic
   457 | D:1      | Found an iron altar of Okawaru.
   673 | D:2      | Reached XP level 3. HP: 19/21 MP: 6/6
  1054 | D:2      | Reached XP level 4. HP: 27/27 MP: 3/7
  1347 | D:3      | Found a shadowy altar of Dithmenos.
  1641 | D:3      | Learned a level 3 spell: Mephitic Cloud
  1691 | D:3      | Reached skill level 5 in Poison Magic
  1796 | D:3      | Found a basalt altar of Yredelemnul.
  2140 | D:4      | Found Cibrorch's Gadget Boutique.
  2157 | D:4      | Found Mureg's General Store.
  2231 | D:4      | Found a runed translucent door.
  2232 | D:4      | Noticed Crazy Yiuf
  2242 | D:4      | Noticed Crazy Yiuf
  2242 | D:4      | Crazy Yiuf changed into Crazy Yiuf the centaur
  2244 | D:4      | Slain by Crazy Yiuf the centaur

Illustrated notes

Levels and vault maps discovered:
D:1:      heliophobic_arrival_dark_side_of_the_moon, layout_basic,
          okawaru_ov_weapons_minmay
D:2:      layout_basic, kennysheep_generic_room_5
D:3:      layout_rooms, lemuel_round_altar, yredelemnul_altar_generic
D:4:      layout_cave_pods, lemuel_crystal_altar, first_ration, serial_rivers,
          chequers_serial_rivers_micro_c, chequers_serial_rivers_large_a,
          chequers_serial_rivers_micro_c, chequers_serial_rivers_micro_e,
          serial_shops, shop, shop, nicolae_shop_behind_doors,
          kennysheep_mini_moat, shop, uniq_crazy_yiuf_cottage, uniq_pikel

Skill      XL: |  1  2  3  4 |
---------------+-------------+-----
Stealth        | 3 4 |  4.0
Poison Magic   | 4 5 |  5.0
Dodging        | |  2.4
Spellcasting   | |  2.7
Transmutations | |  1.0

Action                   |  1- 3 |  4- 6 || total
-------------------------+-------+-------++-------
Melee: Dagger            |    53 |    28 ||    81
       Constrict         |    14 |     3 ||    17
       Tentacles         |     3 |     2 ||     5
Throw: Dart              |     3 |     1 ||     4
 Cast: Sting             |    29 |    19 ||    48
       Mephitic Cloud    |       |     1 ||     1
Evoke: Wand              |       |     2 ||     2
  Use: Scroll            |       |     4 ||     4
 Stab: Sleeping          |     9 |     3 ||    12
  Eat: Chunk             |     1 |     3 ||     4
Armor: Skin              |    12 |     1 ||    13
Dodge: Dodged            |    40 |    17 ||    57
